A- SE
FORT MYERS MIGHTY MUSSELS @ ST. LUCIE METS
07/07/2041
 
TOP OF THE 1ST
Fort Myers Mighty Mussels batting - Pitching for St. Lucie Mets : LHP Jim Unknown
Pitching: LHP Jim Unknown
Batting: RHB Greg Adkins 0-0: Ball
1-0: DOUBLE (Line Drive, 7LS, EV 103.1 MPH)
Batting: RHB Luis Sánchez 0-0: Ball
1-0: Called Strike
1-1: Ball
2-1: Swinging Strike
2-2: Strikes out swinging
Batting: RHB Bernie Davis 0-0: Called Strike
0-1: Ball
1-1: SINGLE (Line Drive, 7S, EV 80.6 MPH)
Greg Adkins to third
Batting: RHB Chris McAllister 0-0: SINGLE (Flyball, 9, EV 88.8 MPH)
Greg Adkins scores
Bernie Davis to second
Batting: SHB Josh Brooks 0-0: Called Strike
0-1: Fly out, F5 (Popup, 5, EV 63.8 MPH)
Batting: RHB Steve Walton 0-0: Ball
1-0: Foul Ball, location: 2F
1-1: Ball
2-1: Ball
3-1: Base on Balls
Bernie Davis to third
Chris McAllister to second
Batting: RHB Ronnie Spencer 0-0: Reached on error, E4 (Groundball, 4, EV 86.3 MPH)
Bernie Davis scores
Chris McAllister scores
Steve Walton to third
Batting: LHB Tony Rivas 0-0: Called Strike
0-1: Foul Ball, location: 25F
0-2: Ball
1-2: Hit by Pitch
Batting: RHB Ron Mitchell 0-0: Called Strike
0-1: Ball
1-1: Ball
2-1: Ball
3-1: Foul Ball, location: 9LMF
3-2: Strikes out swinging
Top of the 1st over - 3 runs, 3 hits, 1 error, 3 left on base; Fort Myers 3 - St. Lucie 0
BOTTOM OF THE 1ST
St. Lucie Mets batting - Pitching for Fort Myers Mighty Mussels : RHP Aykhaz Misarian
Pitching: RHP Aykhaz Misarian
Batting: RHB Juan Carlos Valdillez 0-0: Ball
1-0: Fly out, F9 (Line Drive, 9S, EV 110.0 MPH)
Batting: SHB Kevin French 0-0: Ball
1-0: Fly out, F7 (Line Drive, 7D, EV 85.6 MPH)
Batting: RHB Greg William 0-0: Ball
1-0: Swinging Strike
1-1: Ball
2-1: Ball
3-1: Ground out U3 (Groundball, 3, EV 102.5 MPH)
Bottom of the 1st over - 0 runs, 0 hits, 0 errors, 0 left on base; Fort Myers 3 - St. Lucie 0
TOP OF THE 2ND
Fort Myers Mighty Mussels batting - Pitching for St. Lucie Mets : LHP Jim Unknown
Batting: RHB Greg Adkins 0-0: Called Strike
0-1: Called Strike
0-2: Hit by Pitch
Batting: RHB Luis Sánchez 0-0: Called Strike
0-1: Bunted foul
0-2: Ball
1-2: SINGLE (Line Drive, 4MD, EV 103.1 MPH)
Greg Adkins to second
Batting: RHB Bernie Davis 0-0: Called Strike
0-1: Foul Ball, location: 9LMF
0-2: Ball
1-2: SINGLE (Groundball, 56S, EV 72.5 MPH) (infield hit)
Greg Adkins to third
Luis Sánchez to second
Batting: RHB Chris McAllister 0-0: Called Strike
0-1: Ball
1-1: Called Strike
1-2: Strikes out swinging
Batting: SHB Josh Brooks 0-0: Ball
1-0: Fly out, F9 (Flyball, 89M, EV 86.3 MPH)
Runner from 3rd tags up, SCORES, throw by RF
Luis Sánchez to third
Batting: RHB Steve Walton 0-0: Ball
Bernie Davis is caught stealing 2nd base 2-4
Top of the 2nd over - 1 run, 2 hits, 0 errors, 1 left on base; Fort Myers 4 - St. Lucie 0
BOTTOM OF THE 2ND
St. Lucie Mets batting - Pitching for Fort Myers Mighty Mussels : RHP Aykhaz Misarian
Batting: LHB Jim Unknown 0-0: Foul Ball, location: 2F
0-1: Swinging Strike
0-2: Ball
1-2: SINGLE (Line Drive, 9S, EV 90.0 MPH)
Batting: LHB Jim Unknown 0-0: Ball
Jim Unknown is caught stealing 2nd base 2-6
1-0: Fly out, F9 (Flyball, 9D, EV 88.1 MPH)
Batting: RHB Jim Unknown 0-0: Foul Ball, location: 2F
0-1: Ground out 6-3 (Groundball, P, EV 95.0 MPH)
Bottom of the 2nd over - 0 runs, 1 hit, 0 errors, 0 left on base; Fort Myers 4 - St. Lucie 0
TOP OF THE 3RD
Fort Myers Mighty Mussels batting - Pitching for St. Lucie Mets : LHP Jim Unknown
Batting: RHB Steve Walton 0-0: Fly out, F8 (Flyball, 89M, EV 90.6 MPH)
Batting: RHB Ronnie Spencer 0-0: Ball
1-0: Foul Ball, location: 5SF
1-1: Foul Ball, location: 2F
1-2: Foul Ball, location: 9LDF
1-2: Ball
2-2: Foul Ball, location: 2F
2-2: Ball
3-2: Base on Balls
Batting: LHB Tony Rivas 0-0: SINGLE (Groundball, 6M, EV 86.3 MPH)
Ronnie Spencer to second
Batting: RHB Ron Mitchell 0-0: DOUBLE (Line Drive, 78M, EV 106.9 MPH)
Ronnie Spencer scores
Tony Rivas to third
Pitching: RHP Jim Unknown
Batting: RHB Greg Adkins 0-0: Ground out 5-3 (Groundball, 56S, EV 85.6 MPH)
Tony Rivas scores
Batting: RHB Luis Sánchez 0-0: SINGLE (Line Drive, 8RS, EV 102.5 MPH)
Ron Mitchell to third
Runner from 3rd tries for Home, SAFE, throw by CF to home
Batting: RHB Bernie Davis 0-0: Called Strike
Luis Sánchez steals 2nd base
0-1: Ball
1-1: Foul Ball, location: 2F
1-2: Strikes out swinging
Top of the 3rd over - 3 runs, 3 hits, 0 errors, 1 left on base; Fort Myers 7 - St. Lucie 0
BOTTOM OF THE 3RD
St. Lucie Mets batting - Pitching for Fort Myers Mighty Mussels : RHP Aykhaz Misarian
Batting: RHB Jim Unknown 0-0: Ground out 4-3 (Groundball, 34, EV 105.0 MPH)
Batting: RHB Jim Unknown 0-0: Ball
1-0: Foul Ball, location: 2F
1-1: Swinging Strike
1-2: DOUBLE (Line Drive, 89D, EV 108.8 MPH)
Batting: RHB Jim Unknown 0-0: Swinging Strike
0-1: Called Strike
0-2: Ball
1-2: Strikes out swinging
Batting: RHB Juan Carlos Valdillez 0-0: Fly out, F8 (Line Drive, 8LM, EV 92.5 MPH)
Bottom of the 3rd over - 0 runs, 1 hit, 0 errors, 1 left on base; Fort Myers 7 - St. Lucie 0
TOP OF THE 4TH
Fort Myers Mighty Mussels batting - Pitching for St. Lucie Mets : RHP Jim Unknown
Batting: RHB Chris McAllister 0-0: Called Strike
0-1: Ball
1-1: Ball
2-1: Ball
3-1: Called Strike
3-2: SOLO HOME RUN (Flyball, 78XD, EV 105.0 MPH), Distance : 404 ft
Batting: SHB Josh Brooks 0-0: Ball
1-0: Ball
2-0: Ball
3-0: Ground out 3-1 (Groundball, 34, EV 88.8 MPH)
Batting: RHB Steve Walton 0-0: Called Strike
0-1: DOUBLE (Line Drive, 8RXD, EV 103.1 MPH)
Batting: RHB Ronnie Spencer 0-0: Ground out 1-3 (Groundball, 13S, EV 66.9 MPH)
Batting: LHB Tony Rivas 0-0: Fly out, F9 (Flyball, 9D, EV 95.6 MPH)
Top of the 4th over - 1 run, 2 hits, 0 errors, 1 left on base; Fort Myers 8 - St. Lucie 0
BOTTOM OF THE 4TH
St. Lucie Mets batting - Pitching for Fort Myers Mighty Mussels : RHP Aykhaz Misarian
Batting: SHB Kevin French 0-0: Ball
1-0: Ball
2-0: Foul Ball, location: 2F
2-1: TRIPLE (Flyball, 89XD, EV 107.5 MPH)
Batting: RHB Greg William 0-0: Ball
1-0: Called Strike
1-1: Foul Ball, location: 9LDF
1-2: Ball
2-2: Foul Ball, location: 2F
2-2: Strikes out swinging
Batting: LHB Jim Unknown 0-0: Ball
1-0: Fly out, F8 (Line Drive, 8LD, EV 101.3 MPH)
Runner from 3rd tags up, OUT at HOME! 8-2
Bottom of the 4th over - 0 runs, 1 hit, 0 errors, 0 left on base; Fort Myers 8 - St. Lucie 0
TOP OF THE 5TH
Fort Myers Mighty Mussels batting - Pitching for St. Lucie Mets : RHP Jim Unknown
Batting: RHB Ron Mitchell 0-0: Called Strike
0-1: Ground out 5-3 (Groundball, 56S, EV 68.8 MPH)
Batting: RHB Greg Adkins 0-0: Ball
1-0: Fly out, F9 (Flyball, 89M, EV 83.8 MPH)
Batting: RHB Luis Sánchez 0-0: Foul Ball, location: 2F
0-1: Ground out 4-3 (Groundball, 4MS, EV 86.9 MPH)
Top of the 5th over - 0 runs, 0 hits, 0 errors, 0 left on base; Fort Myers 8 - St. Lucie 0
BOTTOM OF THE 5TH
St. Lucie Mets batting - Pitching for Fort Myers Mighty Mussels : RHP Aykhaz Misarian
Batting: LHB Jim Unknown 0-0: Ball
1-0: Called Strike
1-1: Ground out 4-3 (Groundball, 4, EV 94.4 MPH)
Batting: RHB Jim Unknown 0-0: Foul Ball, location: 3F
0-1: Ball
1-1: Ground out 6-3 (Groundball, 6, EV 82.5 MPH)
Batting: RHB Jim Unknown 0-0: Ball
1-0: Foul Ball, location: 9LMF
1-1: Ball
2-1: Foul Ball, location: 2F
2-2: Fly out, F4 (Line Drive, 4, EV 72.5 MPH)
Bottom of the 5th over - 0 runs, 0 hits, 0 errors, 0 left on base; Fort Myers 8 - St. Lucie 0
TOP OF THE 6TH
Fort Myers Mighty Mussels batting - Pitching for St. Lucie Mets : RHP Jim Unknown
Batting: RHB Bernie Davis 0-0: Ball
1-0: Ball
2-0: Ball
3-0: Base on Balls
Batting: RHB Chris McAllister 0-0: Ball
1-0: Ball
2-0: Swinging Strike
2-1: Foul Ball, location: 2F
2-2: Foul Ball, location: 25F
2-2: Fly out, F9 (Flyball, 9LS, EV 86.9 MPH)
Batting: SHB Josh Brooks 0-0: Foul Ball, location: 2F
0-1: Ball
1-1: DOUBLE (Line Drive, 7LD, EV 99.4 MPH)
Bernie Davis to third
Runner from 3rd tries for Home, SAFE, throw by LF to home
Batting: RHB Steve Walton 0-0: Called Strike
0-1: Ball
1-1: Fly out, F9 (Flyball, 9D, EV 108.1 MPH)
Runner from 2nd tags up, SAFE at 3rd, no throw by RF
Batting: RHB Ronnie Spencer 0-0: Ball
1-0: Swinging Strike
1-1: Called Strike
1-2: Strikes out looking
Top of the 6th over - 1 run, 1 hit, 0 errors, 1 left on base; Fort Myers 9 - St. Lucie 0
BOTTOM OF THE 6TH
St. Lucie Mets batting - Pitching for Fort Myers Mighty Mussels : RHP Aykhaz Misarian
Batting: RHB Jim Unknown 0-0: Called Strike
0-1: Ball
1-1: Foul Ball, location: 3FF
1-2: Foul Ball, location: 2RF
1-2: Fly out, F7 (Flyball, 7S, EV 85.0 MPH)
Batting: RHB Jim Unknown 0-0: Foul Ball, location: 9LDF
0-1: Foul Ball, location: 9LDF
0-2: Foul Ball, location: 23F
0-2: Ball
1-2: Strikes out swinging, 2-3 out at first.
Batting: RHB Juan Carlos Valdillez 0-0: Fly out, F8 (Flyball, 8RM, EV 83.1 MPH)
Bottom of the 6th over - 0 runs, 0 hits, 0 errors, 0 left on base; Fort Myers 9 - St. Lucie 0
TOP OF THE 7TH
Fort Myers Mighty Mussels batting - Pitching for St. Lucie Mets : RHP Jim Unknown
Batting: LHB Tony Rivas 0-0: Ball
1-0: Called Strike
1-1: Ball
2-1: Ball
3-1: Ground out 6-3 (Groundball, 6, EV 77.5 MPH)
Batting: RHB Ron Mitchell 0-0: DOUBLE (Flyball, 78D, EV 106.3 MPH)
Pitching: LHP Jim Unknown
Pinch Hitting: RHB Marc Guevara 0-0: Ball
1-0: Ball
2-0: Called Strike
2-1: Ball
3-1: Base on Balls
Batting: RHB Luis Sánchez 0-0: Called Strike
0-1: Ball
1-1: Ball
2-1: Foul Ball, location: 2F
2-2: Foul Ball, location: 9LDF
2-2: Fly out, F8 (Line Drive, 8LM, EV 93.8 MPH)
Batting: RHB Bernie Davis 0-0: Ball
1-0: Swinging Strike
1-1: Foul Ball, location: 23F
1-2: Foul Ball, location: 2F
1-2: Fly out, F4 (Popup, 34, EV 58.8 MPH)
Top of the 7th over - 0 runs, 1 hit, 0 errors, 2 left on base; Fort Myers 9 - St. Lucie 0
BOTTOM OF THE 7TH
St. Lucie Mets batting - Pitching for Fort Myers Mighty Mussels : RHP Aykhaz Misarian
Now at 1B: Pancho Sánchez
Pinch Hitting: RHB Jim Unknown 0-0: Called Strike
0-1: Ground out 5-3 (Groundball, 5L, EV 96.3 MPH)
Pinch Hitting: SHB Jim Unknown 0-0: Ball
1-0: Fly out, F7 (Line Drive, 7, EV 105.6 MPH)
Pinch Hitting: RHB Jim Unknown 0-0: Fly out, F7 (Flyball, 7LM, EV 76.3 MPH)
Bottom of the 7th over - 0 runs, 0 hits, 0 errors, 0 left on base; Fort Myers 9 - St. Lucie 0
TOP OF THE 8TH
Fort Myers Mighty Mussels batting - Pitching for St. Lucie Mets : LHP Jim Unknown
Now at 1B: Jim Unknown
Now at 2B: Jim Unknown
Now at SS: Jim Unknown
Now in RF: Jim Unknown
Batting: RHB Chris McAllister 0-0: Swinging Strike
0-1: Ball
1-1: Ball
2-1: Foul Ball, location: 23F
2-2: Ball
3-2: Ground out 4-3 (Groundball, 4, EV 88.1 MPH)
Batting: SHB Josh Brooks 0-0: SINGLE (Line Drive, 78M, EV 106.3 MPH)
Batting: RHB Steve Walton 0-0: Reached on error, E3 (Groundball, 3, EV 103.1 MPH)
Josh Brooks to second
Batting: RHB Ronnie Spencer 0-0: Called Strike
0-1: Swinging Strike
0-2: Ball
1-2: Ball
2-2: Foul Ball, location: 7LSF
2-2: Fielders Choice at 2nd, 4-6 (Groundball, 34, EV 95.0 MPH)
Josh Brooks to third
Batting: RHB Dave McCormick 0-0: Ball
1-0: Ball
2-0: Called Strike
2-1: Ball
3-1: Base on Balls
Ronnie Spencer to second
Batting: RHB Ron Mitchell 0-0: Ball
1-0: Foul Ball, location: 5FF
1-1: Fly out, F7 (Flyball, 7LS, EV 88.1 MPH)
Top of the 8th over - 0 runs, 1 hit, 1 error, 3 left on base; Fort Myers 9 - St. Lucie 0
BOTTOM OF THE 8TH
St. Lucie Mets batting - Pitching for Fort Myers Mighty Mussels : RHP Aykhaz Misarian
Pinch Hitting: LHB Jim Unknown 0-0: Ball
1-0: Called Strike
1-1: Ball
2-1: Ball
3-1: Foul Ball, location: 23F
3-2: Foul Ball, location: 5FF
3-2: Strikes out swinging
Pinch Hitting: LHB Jim Unknown 0-0: Swinging Strike
0-1: Ball
1-1: Foul Ball, location: 2F
1-2: Ground out 6-3 (Groundball, 6, EV 85.6 MPH)
Pinch Hitting: RHB Jim Unknown 0-0: Ball
1-0: Called Strike
1-1: Foul Ball, location: 3F
1-2: Ball
2-2: Ball
3-2: Strikes out swinging
Bottom of the 8th over - 0 runs, 0 hits, 0 errors, 0 left on base; Fort Myers 9 - St. Lucie 0
TOP OF THE 9TH
Fort Myers Mighty Mussels batting - Pitching for St. Lucie Mets : LHP Jim Unknown
Now at 3B: Jim Unknown
Now in LF: Jim Unknown
Now in RF: Jim Unknown
Pinch Hitting: RHB Matsu Yamanoue 0-0: Ball
1-0: Foul Ball, location: 2F
1-1: SINGLE (Flyball, 8RS, EV 90.6 MPH)
Batting: RHB Luis Sánchez 0-0: Fly out, F8 (Flyball, 8RM, EV 90.6 MPH)
Batting: RHB Bernie Davis 0-0: Called Strike
0-1: Ball
1-1: Ball
2-1: Foul Ball, location: 3SF
2-2: Foul Ball, location: 5FF
2-2: Ball
3-2: Base on Balls
Matsu Yamanoue to second
Pitching: RHP Jim Unknown
Batting: RHB Chris McAllister 0-0: Ball
1-0: Foul Ball, location: 2F
1-1: Called Strike
1-2: SINGLE (Groundball, 6MD, EV 97.5 MPH)
Matsu Yamanoue to third
Bernie Davis to second
Runner from 3rd tries for Home, throw by CF and OUT! 8-2
Batting: SHB Josh Brooks 0-0: Ball
1-0: Ball
2-0: Foul Ball, location: 2LF
2-1: Foul Ball, location: 3DF
2-2: Fielders Choice at 2nd, 5-4 (Groundball, 56, EV 86.9 MPH)
Top of the 9th over - 0 runs, 2 hits, 0 errors, 2 left on base; Fort Myers 9 - St. Lucie 0
BOTTOM OF THE 9TH
St. Lucie Mets batting - Pitching for Fort Myers Mighty Mussels : RHP Aykhaz Misarian
Pitching: RHP Chris Peterson
Now at 1B: Curt Brooks
Pinch Hitting: LHB Jim Unknown 0-0: SINGLE (Line Drive, 6D, EV 97.5 MPH)
Batting: RHB Jim Unknown 0-0: Called Strike
0-1: Ball
1-1: Ball
Wild Pitch!
Jim Unknown to second
2-1: Called Strike
2-2: DOUBLE (Line Drive, 5D, EV 108.1 MPH)
Jim Unknown scores
Pinch Hitting: RHB Jim Unknown 0-0: Ground out 6-3 (Groundball, 6, EV 85.6 MPH)
Pinch Hitting: RHB Jim Unknown 0-0: Ball
1-0: Foul Ball, location: 2F
1-1: Ball
2-1: Ball
3-1: Called Strike
3-2: Foul Ball, location: 9LMF
3-2: Base on Balls
Pinch Hitting: RHB Jim Unknown 0-0: Called Strike
0-1: Foul Ball, location: 7LMF
0-2: Ball
1-2: Foul Ball, location: 7LDF
1-2: Ball
2-2: Reached on error, E3 (Groundball, 3, EV 89.4 MPH)
Jim Unknown to third
Jim Unknown to second
Pinch Hitting: SHB Jim Unknown 0-0: Foul Ball, location: 2F
0-1: Called Strike
0-2: Ball
1-2: Foul Ball, location: 7LMF
1-2: Ball
2-2: Strikes out swinging
Batting: LHB Jim Unknown 0-0: Called Strike
0-1: Swinging Strike
0-2: Strikes out swinging
Bottom of the 9th over - 1 run, 2 hits, 1 error, 3 left on base; Fort Myers 9 - St. Lucie 1
Monday, April 1st , 2024 - OOTP Baseball 24.10 Build 82